 Dungeon Crawl Stone Soup version 0.19.1-1-g22dce08 (webtiles) character file.

170 M4edhros the Chopper (level 5, -3/47 HPs)
             Began as a Minotaur Berserker on Jan 4, 2017.
             Was a Follower of Trog.
             Slain by an ice beast (4 damage)
             ... on level 5 of the Dungeon.
             The game lasted 00:01:54 (470 turns).

M4edhros the Chopper (Minotaur Berserker)            Turns: 470, Time: 00:01:54

Health: -3/47      AC:  9    Str: 21    XL:     5   Next: 26%
Magic:  4/4        EV:  9    Int:  4    God:    Trog [*.....]
Gold:   6          SH:  0    Dex: 11    Spells: 0 memorised, 4 levels left

rFire  . . .     SeeInvis .     a - +0 hand axe
rCold  . . .     Gourm    .     l - +0 chain mail
rNeg   . . .     Faith    .     (no shield)
rPois  .         Spirit   .     (helmet restricted)
rElec  .         Reflect  .     (no cloak)
rCorr  .         Harm     .     (no gloves)
MR     .....                    (no boots)
Stlth  ..........               (no amulet)
                                (no ring)
                                (no ring)

@: very slightly contaminated, hasted (expiring), very quick
A: retaliatory headbutt, horns 2
a: Berserk, Burn Spellbooks, Renounce Religion


You were on level 5 of the Dungeon.
You worshipped Trog.
Trog was aware of your devotion.
You were not hungry.

You visited 1 branch of the dungeon, and saw 5 of its levels.

You collected 6 gold pieces.

Inventory:

Hand Weapons
 a - a +0 hand axe (weapon)
Missiles
 b - 3 tomahawks (quivered)
Armour
 l - a +0 chain mail (worn)
Scrolls
 d - a scroll of fog {unknown}
 e - 5 scrolls of identify {unknown}
 h - a scroll of magic mapping {unknown}
 j - 2 scrolls of remove curse {unknown}
Comestibles
 c - a bread ration
 g - a meat ration
 k - a beef jerky


   Skills:
 + Level 4.5 Fighting
 * Level 5.4 Axes
 + Level 3.4 Armour
 + Level 3.4 Dodging


You had 4 spell levels left.
You didn't know any spells.

Dungeon Overview and Level Annotations

Branches:
Dungeon (5/15)
 Temple: D:4-7

Altars:

Annotations:
D:4 Prince Ribbit


Innate Abilities, Weirdness & Mutations

You reflexively headbutt those who attack you in melee.
You have a pair of horns on your head.


Message History

You feel less exhausted. The ice beast barely misses you.
You furiously retaliate!
You headbutt the ice beast.
Unknown command.
You hit the iguana but do no damage.
The iguana is moderately wounded.
You hit the ice beast but do no damage. The iguana bites you.
* * * LOW HITPOINT WARNING * * *
The ice beast hits you but does no damage.
Unknown command.
You hit the iguana.
The iguana is heavily wounded.
You barely miss the ice beast. The iguana closely misses you.
Unknown command.
You closely miss the iguana.
The iguana is heavily wounded.
You hit the ice beast but do no damage.
Your extra speed is starting to run out.
The ice beast hits you.
You die...

########################
#.)...l@Y...............
#.#.############........
#..####.. #..# #..# #..#
#..# #..# #..#


You could see an ice beast and an iguana.

Vanquished Creatures
  An ice beast (D:5)
  2 hounds (D:5)
  A worm (D:2)
  A dart slug (D:3)
  A leopard gecko (D:3)
  2 bats
  2 giant cockroaches
  A goblin (D:3)
  A hobgoblin (D:2)
  2 jackals (D:3)
  2 frilled lizards (D:2)
16 creatures vanquished.

Notes
Turn   | Place    | Note
-------+----------+-------------------------------------------
     0 | D:1      | M4edhros the Minotaur Berserker began the quest for the Orb.
     0 | D:1      | Reached XP level 1. HP: 19/19 MP: 0/0
   222 | D:2      | Reached XP level 2. HP: 23/27 MP: 1/1
   294 | D:3      | Reached skill level 4 in Axes
   419 | D:5      | Entered Level 5 of the Dungeon
   419 | D:5      | Noticed Prince Ribbit
   419 | D:5      | Noticed an ice beast
   425 | D:5      | Killed an ice beast
   425 | D:5      | Reached skill level 5 in Axes
   425 | D:5      | Reached XP level 3. HP: 34/34 MP: 2/2
   425 | D:5      | Reached XP level 4. HP: 41/41 MP: 3/3
   427 | D:5      | Noticed an ice beast
   428 | D:5      | Reached XP level 5. HP: 47/47 MP: 4/4
   466 | D:5      | HP: 1/47 [iguana (11)]
   470 | D:5      | Slain by an ice beast

Skill      XL: |  1  2 |
---------------+-------+-----
Axes           | 5 |  5.4
Fighting       | 4 |  4.5
Armour         | 3 |  3.4
Dodging        | 3 |  3.4

Action                   |  1- 3 |  4- 6 || total
-------------------------+-------+-------++-------
Melee: Hand axe          |    36 |    12 ||    48
       Headbutt          |     7 |     3 ||    10
Invok: Berserk           |     1 |       ||     1
  Use: Potion            |     1 |     2 ||     3
Armor: Animal skin       |     5 |       ||     5
       Chain mail        |     2 |    11 ||    13
Dodge: Dodged            |    30 |     8 ||    38
